 Dungeon Crawl Stone Soup version 0.21-a0-401-g0b6bec4 (webtiles) character file.

489 tof the Slasher (level 6, -4/56 HPs)
             Began as a Minotaur Monk on Oct 25, 2017.
             Killed from afar by torrenera's ghost (12 damage)
             ... with a flame tongue
             ... in a sewer.
             The game lasted 00:05:57 (3450 turns).

tof the Slasher (Minotaur Monk)                     Turns: 3450, Time: 00:05:58

Health: -4/56      AC: 10    Str: 18    XL:     6   Next: 90%
Magic:  5/5        EV:  9    Int:  7    God:
Gold:   219        SH:  0    Dex: 12    Spells: 5/5 levels left

rFire    . . .     SeeInvis .   a - +0 falchion
rCold    . . .     Gourm    .   (no shield)
rNeg     . . .     Faith    .   l - +0 chain mail (curse)
rPois    .         Spirit   .   (helmet restricted)
rElec    .         Reflect  .   (no cloak)
rCorr    .         Harm     .   h - +0 pair of gloves
MR       .....                  (no boots)
Stlth    ..........             (no amulet)
HPRegen  0.18/turn              (no ring)
MPRegen  0.09/turn              (no ring)

@: very slow
A: retaliatory headbutt, horns 2
a: no special abilities


You were in a sewer.
You were not hungry.

You visited 1 branch of the dungeon, and saw 4 of its levels.
You also visited: Sewer.

You collected 219 gold pieces.

Inventory:

Hand Weapons
 a - a +0 falchion (weapon)
 b - a +2 shortbow of flaming
 v - a +0 blowgun
Missiles
 r - 38 poisoned needles
 w - 36 arrows
Armour
 h - a +0 pair of gloves (worn)
 l - a cursed +0 chain mail (worn)
Wands
 x - a wand of lightning (2/15)
 y - a wand of acid (8/15)
Scrolls
 f - a scroll of fog
 g - 6 scrolls of teleportation
 i - a scroll of enchant weapon
 k - a scroll of remove curse
 o - 2 scrolls of recharging
 p - 2 scrolls of amnesia
 u - a scroll of identify
 z - a scroll of random uselessness {unknown}
Potions
 m - a potion of lignification {unknown}
 n - 4 potions of curing {unknown}
 q - a potion of ambrosia {unknown}
 s - a potion of flight {unknown}
Books
 e - a book of Minor Magic

   Spells                             Type                      Level
   a - Magic Dart                     Conjuration                  1
   b - Blink                          Translocation                2
   c - Call Imp                       Summoning                    2
   d - Slow                           Hexes                        2
   e - Conjure Flame                  Conjuration/Fire             3
   f - Mephitic Cloud                 Conjuration/Poison/Air       3
Comestibles
 c - 3 bread rations
 d - 2 royal jellies
 j - a meat ration


   Skills:
 + Level 5.0 Fighting
 * Level 6.1 Long Blades
 + Level 1.4 Bows
 * Level 4.6 Armour
 + Level 4.5 Dodging
 - Level 1.5 Stealth


You had 5 spell levels left.
You didn't know any spells.

Dungeon Overview and Level Annotations

Branches:
Dungeon (4/15)
 Temple: D:4-7

Altars:
Uskayaw
The Shining One

Annotations:
Sewer torrenera's ghost, amateur DEFE


Innate Abilities, Weirdness & Mutations

You reflexively headbutt those who attack you in melee.
You have a pair of horns on your head.


Message History

The flame tongue hits you!
Your unstable footing causes you to fumble your attack.
You are engulfed in a cloud of scalding steam.
Torrenera's ghost barely misses you.
You hit torrenera's ghost but do no damage.
You headbutt torrenera's ghost.
Torrenera's ghost is moderately damaged.
You are engulfed in a cloud of scalding steam.
Torrenera's ghost casts a spell at you. The flame tongue hits you!
* * * LOW HITPOINT WARNING * * *
Torrenera's ghost gestures at you while chanting.
The flame tongue misses you.
Torrenera's ghost hits you but does no damage.
Torrenera's ghost points at you and mumbles some strange words.
The flame tongue misses you.
You are engulfed in a cloud of scalding steam.
Torrenera's ghost casts a spell at you. The flame tongue hits you!
You die...

#≈# #≈#
#≈# #≈#
#≈# #≈#
#≈# #≈#
#@# #§#
#W# #≈#
#≈# #≈#
#≈# #≈#
.≈≈.≈≈≈≈.#


You could see torrenera's ghost.

Vanquished Creatures
  Sigmund (D:4)
  A centaur (D:3)
  A hound (D:4)
  An iguana (D:4)
  Terence (D:3)
  3 river rats
  4 adders
  3 worms
  3 dart slugs
  3 leopard geckos
  5 orcs
  2 giant cockroaches (D:1)
  6 goblins
  8 hobgoblins
  8 jackals
  6 kobolds
  2 quokkas (D:3)
  A ball python (D:2)
  5 bats
  6 frilled lizards
  8 rats
78 creatures vanquished.

Notes
Turn   | Place    | Note
-------+----------+-------------------------------------------
     0 | D:1      | tof the Minotaur Monk began the quest for the Orb.
     0 | D:1      | Reached XP level 1. HP: 19/19 MP: 0/0
   243 | D:1      | Reached skill level 1 in Armour
   250 | D:1      | Reached XP level 2. HP: 27/27 MP: 1/1
   448 | D:1      | Reached skill level 4 in Long Blades
   767 | D:1      | Reached XP level 3. HP: 31/33 MP: 2/2
   817 | D:2      | Found a faded altar of an unknown god.
  1396 | D:2      | Reached XP level 4. HP: 40/40 MP: 3/3
  1690 | D:3      | Found a hide-covered altar of Uskayaw.
  1819 | D:3      | Found a glowing golden altar of the Shining One.
  1911 | D:3      | Noticed Terence
  1929 | D:3      | Killed Terence
  2290 | D:3      | Reached skill level 5 in Long Blades
  2290 | D:3      | Reached XP level 5. HP: 47/47 MP: 4/4
  2505 | D:3      | Noticed a centaur
  2511 | D:3      | Killed a centaur
  2763 | D:4      | Found a glowing drain.
  2890 | D:4      | Noticed Sigmund
  2930 | D:4      | Killed Sigmund
  2930 | D:4      | Reached skill level 1 in Bows
  2930 | D:4      | Reached XP level 6. HP: 15/55 MP: 5/5
  2933 | D:4      | Reached skill level 5 in Fighting
  2933 | D:4      | Reached skill level 6 in Long Blades
  3118 | Sewer    | Entered a sewer
  3388 | Sewer    | Noticed torrenera's ghost (amateur DEFE)
  3450 | Sewer    | Killed from afar by torrenera's ghost

Vault maps used:
D:1:      elethiomel_arrival_fortress_basement, minmay_misc_feat_diagonals
D:2:      chequers_ecumenical_altar_simple
D:3:      lemuel_doored_altar, tso_metal_star, uniq_terence
D:4:      portal_sewer_entry_c, first_bread, kennysheep_nub, uniq_sigmund
Sewer:    sewer_kobolds

Skill      XL: |  1  2  3  4  5  6 |
---------------+-------------------+-----
Armour         | 1 2 3 4 |  4.6
Long Blades    | 4 5 6 |  6.1
Fighting       | 4 5 |  5.0
Dodging        | 4 |  4.5
Bows           | 1 |  1.4
Stealth        | |  1.5

Action                   |  1- 3 |  4- 6 || total
-------------------------+-------+-------++-------
Melee: Falchion          |    80 |   157 ||   237
       Headbutt          |    11 |    34 ||    45
 Fire: Shortbow          |       |     2 ||     2
  Use: Scroll            |       |     7 ||     7
 Stab: Sleeping          |     2 |       ||     2
  Eat: Chunk             |     1 |     7 ||     8
Armor: Robe              |     6 |       ||     6
       Leather armour    |     2 |       ||     2
       Chain mail        |    18 |    63 ||    81
Dodge: Dodged            |    48 |    64 ||   112
       Rpst.: Falchion   |    15 |    24 ||    39

Table legend:
 A = Spawn XP
 B = Non-spawn XP
 C = Spawn XP percentage of total XP
 D = Spawn monster count
 E = Non-spawn monster count
 F = Spawn count percentage of total count
 G = Total turns spent on level
                    A         B        C        D         E        F      G
               +---------+---------+-------+---------+---------+-------+---------
         Total |       0 |     699 |   0.0 |       0 |      78 |   0.0 |  3450
               +---------+---------+-------+---------+---------+-------+---------
           D:1 |       0 |      41 |   0.0 |       0 |      23 |   0.0 |   817
           D:2 |       0 |      56 |   0.0 |       0 |      15 |   0.0 |   816
           D:3 |       0 |     220 |   0.0 |       0 |      25 |   0.0 |  1079
           D:4 |       0 |     353 |   0.0 |       0 |      10 |   0.0 |   406
         Sewer |       0 |      29 |   0.0 |       0 |       5 |   0.0 |   332
               +---------+---------+-------+---------+---------+-------+---------
